 Dungeon Crawl Stone Soup version 0.28.0-53-g5a82cb258f (webtiles) character file.

Game seed: 5062197860985638223

11346 Tirrikindir the Grappler (level 11, -6/105 HPs)
             Began as a Troll Fighter on Aug 12, 2022.
             Was the Champion of Lugonu.
             Mangled by a skeletal warrior
             ... wielding a +0 dire flail
             ... led by a skeletal warrior
              (21 damage)
             ... on level 10 of the Dungeon on Aug 13, 2022.
             The game lasted 00:29:42 (8146 turns).

Tirrikindir the Grappler (Troll Fighter)            Turns: 8146, Time: 00:29:43

Health: -6/105     AC:  8    Str: 26    XL:     11   Next: 48%
Magic:  0/13       EV: 12    Int:  4    God:    Lugonu [******]
Gold:   776        SH: 10    Dex: 19    Spells: 10/10 levels left

rFire   . . .      SeeInvis .     - Unarmed
rCold   . . .      Faith    .   b - +0 kite shield
rNeg    . . .      Spirit   +   r - +0 steam dragon scales
rPois   .          Reflect  .   (helmet restricted)
rElec   .          Harm     .   (no cloak)
rCorr   .          Rampage  .   (gloves unavailable)
Will    .....                   (boots unavailable)
Stlth   ++........              i - amulet of guardian spirit
HPRegen 1.07/turn               m - ring of wizardry
MPRegen 0.13/turn               A - +6 ring of dexterity

@: no status effects
A: large, unfitting armour, claws 3, regeneration 1, shaggy fur 1, tough skin 1,
horns 1, sense surroundings 1, screaming 1, subdued magic 1
a: Renounce Religion, Depart the Abyss, Bend Space, Banish, Corrupt, Enter the
Abyss, Brand Weapon With Distortion


You were on level 10 of the Dungeon.
You worshipped Lugonu.
Lugonu was exalted by your worship.
You visited 1 branch of the dungeon, and saw 11 of its levels.
You also visited: Ossuary.

You collected 972 gold pieces.
You spent 196 gold pieces at shops.

Inventory:

Hand Weapons
 z - a +5 long sword
 D - a +2 short sword of electrocution
Missiles
 a - 2 throwing nets
 n - 3 large rocks
 y - 67 poisoned darts (quivered)
Armour
 b - a +0 kite shield (worn)
 r - +0 steam dragon scales (worn)
 E - a +1 robe of cold resistance
Jewellery
 i - an amulet of guardian spirit (around neck)
 m - a ring of wizardry (left claw)
 o - an amulet of magic regeneration
 p - a +4 ring of evasion
 v - a ring of ice
 A - a +6 ring of dexterity (right claw)
Wands
 c - a wand of acid (2)
 u - a wand of digging (5)
 w - a wand of flame (19)
Scrolls
 e - 3 scrolls of enchant weapon
 g - 3 scrolls of fog
 j - 2 scrolls of teleportation
 k - a scroll of immolation
 t - a scroll of magic mapping
 B - 2 scrolls of blinking
 C - a scroll of enchant armour {unknown}
Potions
 d - 7 potions of mutation
 f - 5 potions of brilliance
 h - a potion of resistance
 l - 4 potions of curing
 q - 3 potions of flight
 s - a potion of cancellation
 x - 2 potions of heal wounds
 F - a potion of haste


   Skills:
 * Level 6.2 Fighting
 * Level 5.6 Armour
 * Level 5.6 Dodging
 * Level 5.5 Shields
 * Level 10.9 Unarmed Combat
 + Level 4.9 Invocations
 + Level 3.8 Evocations


You had 10 spell levels left.
You didn't know any spells.
Your spell library contained the following spells:

 Spells                   Type           Power      Damage    Failure   Level
 Apportation              Tloc           0%         N/A       38%         1
 Sandblast                Erth           0%         2d4       38%         1
 Passwall                 Tmut/Erth      0%         N/A       52%         2
 Scorch                   Fire           0%         2d5       52%         2
 Static Discharge         Conj/Air       0%         N/A       52%         2
 Ignite Poison            Fire/Tmut/Pois 0%         N/A       77%         3
 Mephitic Cloud           Conj/Pois/Air  0%         N/A       77%         3
 Stone Arrow              Conj/Erth      0%         3d7       77%         3
 Dispel Undead            Necr           0%         3d6       98%         4
 Flame Wave               Conj/Fire      0%         2d4       98%         4
 Sticky Flame             Conj/Fire      0%         2d3       98%         4
 Alistair's Intoxication  Tmut/Pois      0%         N/A       100%        5
 Borgnjor's Vile Clutch   Necr/Erth      0%         N/A       100%        5
 Freezing Cloud           Conj/Ice/Air   0%         6-21      100%        5
 Eringya's Noxious Bog    Tmut/Pois      0%         N/A       100%        6
 Summon Cactus Giant      Summ           0%         N/A       100%        6
 Malign Gateway           Summ/Tloc      0%         N/A       100%        7
 Summon Horrible Things   Summ           0%         N/A       100%        8


Dungeon Overview and Level Annotations

Branches:
Dungeon (11/15)            Temple (0/1) D:5            Lair (0/6) D:10
    Orc (0/2) D:10        Ossuary (visited)

Altars:
Fedhas
Hepliaklqana
Nemelex Xobeh
Xom
Lugonu

Shops:
D:7 !

Portals:
Trove: D:10 (give 12 potions of heal wounds)


Innate Abilities, Weirdness & Mutations

You are too large for most types of armour.
You have claws for hands.
Your natural rate of healing is unusually fast.
You are covered in fur. (AC +1)
You have tough skin. (AC +1)
You have a pair of small horns on your head.
You passively map a small area around you.
You occasionally shout uncontrollably at your foes.
Your spells are a little easier to cast, but a little less powerful.


Message History

The skeletal warrior hits you with a +0 trident!!
* * * LOW HITPOINT WARNING * * *
Space bends around you!
You blink.
You open the door.
The skeletal warrior hits you from afar with a +0 trident!
* * * LOW HITPOINT WARNING * * *
There is an open door here.
You see here a +0 short sword.
You block the skeletal warrior's attack.
You block the skeletal warrior's attack.
You block the skeletal warrior's attack.
Space bends around you!
You blink.
The skeletal warrior closely misses you.
You block the skeletal warrior's attack.
You block the skeletal warrior's attack.
The skeletal warrior completely misses you.
There is a stone staircase leading up here.
The skeletal warrior hits you from afar with a +0 halberd!!
The skeletal warrior misses you.
You climb upwards.
There is a stone staircase leading down here.
You mangle the skeletal warrior!!
The skeletal warrior is moderately damaged.
The skeletal warrior barely misses you.
You claw the skeletal warrior!
The skeletal warrior is heavily damaged.
The skeletal warrior completely misses you.
You completely miss the skeletal warrior.
The skeletal warrior is heavily damaged.
The skeletal warrior hits you with a +0 dire flail!
* * * LOW HITPOINT WARNING * * *
You claw the skeletal warrior!
You headbutt the skeletal warrior, but do no damage.
The skeletal warrior is severely damaged.
The skeletal warrior hits you with a +0 dire flail!
* * * LOW HITPOINT WARNING * * *
You barely miss the skeletal warrior.
The skeletal warrior is severely damaged.
The skeletal warrior hits you with a +0 dire flail!!
You die...

#(#
#.............##.##.#
..#
#.........###.##.##.#
###
#....[..#.....#.....#
#####
#.#####.#.#####..#..#
....# #.#
#.#.#####.....# ###.#
#.# #.#.......###.# #
#.###.### #.#########
#.# # #.......#
#..z.# #.# #
######### ####@# #.#
# #.########.# #
#..........# #
################## #
#....# # ###.##.# #
#....#.# # #.#....# #
#.#....#


You could see a skeletal warrior.

Vanquished Creatures
  Fannar (D:10)
  Nergalle (D:10)
  A skeletal warrior (D:11)
  A cyclops (D:9)
  A gargoyle (D:11)
  Maggie (D:6)
  A kobold demonologist (D:9)
  A troll (D:9)
  A wyvern (D:8)
  17 yaks
  A wraith (D:10)
  Grum (D:10)
  A steam dragon (D:8)
  An acid dragon (D:11)
  5 orc warriors
  An ice beast (D:6)
  A centaur (D:10)
  3 ogres
  4 wolves (D:10)
  A phantom (D:3)
  14 kobold brigands
  4 bullfrogs
  2 gnoll sergeants
  5 scorpions
  3 water moccasin zombies (Ossuary)
  7 killer bees (D:10)
  3 wights (D:7)
  4 howler monkeys
  5 jellies
  2 centaur zombies
  3 orc priests
  2 gnoll shamans
  A bullfrog skeleton (D:5)
  2 centaur skeletons (D:6)
  A hound (D:5)
  An iguana (D:5)
  7 orc wizards
  A howler monkey zombie (D:9)
  2 mummies (Ossuary)
  Robin (D:4)
  17 gnolls
  8 adders
  A white imp (D:6)
  An ufetubus (D:4)
  An adder skeleton (D:4)
  4 adder zombies (Ossuary)
  A worm (D:2)
  22 orcs
  9 ball pythons
  3 endoplasms
  3 giant cockroaches
  5 gnoll zombies (Ossuary)
  18 goblins
  10 hobgoblins
  4 jackals (D:4)
  4 quokkas
  4 bats
  A frilled lizard (D:2)
  5 hobgoblin zombies (Ossuary)
  26 kobolds
  10 kobold zombies (Ossuary)
  4 orc zombies (Ossuary)
  A quokka skeleton (D:4)
  5 rats
282 creatures vanquished.

Vanquished Creatures (others)
  17 plants (D:2)
17 creatures vanquished.

Grand Total: 299 creatures vanquished

Notes
Turn   | Place    | Note
-------+----------+-------------------------------------------
     0 | D:1      | Tirrikindir the Troll Fighter began the quest for the Orb.
     0 | D:1      | Reached XP level 1. HP: 22/22 MP: 0/0
   116 | D:1      | Reached XP level 2. HP: 29/29 MP: 1/1
   501 | D:1      | Gained mutation: You occasionally shout uncontrollably at
                  | your foes. [potion of mutation]
   501 | D:1      | Gained mutation: Your spells are a little easier to cast,
                  | but a little less powerful. [potion of mutation]
   501 | D:1      | Gained mutation: You passively map a small area around you.
                  | [potion of mutation]
   501 | D:1      | Gained mutation: You have a pair of small horns on your
                  | head. [potion of mutation]
   853 | D:2      | Reached XP level 3. HP: 34/36 MP: 2/2
  1075 | D:2      | Reached skill level 3 in Unarmed Combat
  1281 | D:2      | Reached XP level 4. HP: 44/44 MP: 3/3
  1303 | D:2      | Found a faded altar of an unknown god.
  1305 | D:2      | Prayed at the altar of an unknown god.
  1305 | D:2      | Became a worshipper of Lugonu the Unformed
  1305 | D:2      | Reached * piety under Lugonu
  1305 | D:2      | Reached ** piety under Lugonu
  1648 | D:3      | Found a shimmering altar of Xom.
  2122 | D:3      | Noticed a phantom
  2130 | D:3      | Killed a phantom
  2131 | D:3      | Reached XP level 5. HP: 27/53 MP: 1/4
  2396 | D:3      | Found a hazy altar of Hepliaklqana.
  2430 | D:3      | Reached skill level 1 in Invocations
  2553 | D:4      | Reached skill level 4 in Unarmed Combat
  2678 | D:4      | Reached XP level 6. HP: 61/61 MP: 6/6
  2718 | D:4      | Noticed Robin
  2725 | D:4      | Killed Robin
  2740 | D:4      | Reached *** piety under Lugonu
  3163 | D:5      | Entered Level 5 of the Dungeon
  3176 | D:5      | Found a staircase to the Ecumenical Temple.
  3280 | D:5      | Reached XP level 7. HP: 59/67 MP: 5/7
  3289 | D:5      | Reached skill level 5 in Unarmed Combat
  3301 | D:5      | Noticed a yak
  3301 | D:5      | Noticed a yak
  3314 | D:5      | Noticed a yak
  3316 | D:5      | Killed a yak
  3319 | D:5      | Killed a yak
  3323 | D:5      | Killed a yak
  3324 | D:5      | Reached skill level 6 in Unarmed Combat
  3324 | D:5      | Reached XP level 8. HP: 78/78 MP: 7/9
  3427 | D:5      | Found a sand-covered staircase.
  3432 | Ossuary  | Entered an ossuary
  3502 | Ossuary  | Reached **** piety under Lugonu
  4069 | D:6      | Reached skill level 7 in Unarmed Combat
  4288 | D:6      | Reached skill level 5 in Fighting
  4367 | D:6      | Noticed Maggie
  4368 | D:6      | Reached skill level 8 in Unarmed Combat
  4368 | D:6      | Reached XP level 9. HP: 88/88 MP: 11/11
  4381 | D:6      | Killed Maggie
  4851 | D:7      | Found a sparkling altar of Nemelex Xobeh.
  5061 | D:7      | Identified the -3 helmet of Blue Skies {*Slow rC+ Stlth+}
  5072 | D:7      | Reached skill level 9 in Unarmed Combat
  5267 | D:7      | Found Wokhlaiq's Distillery.
  5280 | D:7      | Bought a potion of flight for 42 gold pieces
  5280 | D:7      | Bought a potion of heal wounds for 70 gold pieces
  5302 | D:7      | Reached skill level 1 in Armour
  5306 | D:7      | Reached ***** piety under Lugonu
  5332 | D:7      | Reached skill level 1 in Evocations
  5634 | D:8      | Identified a scroll of acquirement
  5634 | D:8      | Acquired 513 gold pieces
  5752 | D:8      | Reached skill level 10 in Unarmed Combat
  6112 | D:7      | Bought a potion of curing for 42 gold pieces
  6112 | D:7      | Bought a potion of curing for 42 gold pieces
  6135 | D:9      | Noticed a troll
  6145 | D:9      | Killed a troll
  6146 | D:9      | Reached XP level 10. HP: 88/96 MP: 9/12
  6299 | D:9      | Noticed a cyclops
  6308 | D:9      | Killed a cyclops
  6371 | D:9      | Noticed a soul eater
  6747 | D:10     | Entered Level 10 of the Dungeon
  6808 | D:10     | Found a portal to a secret trove of treasure.
  6873 | D:10     | Noticed Nergalle
  6883 | D:10     | Killed Nergalle
  6884 | D:10     | Reached skill level 5 in Dodging
  6885 | D:10     | Reached XP level 11. HP: 105/105 MP: 9/13
  6887 | D:10     | Reached skill level 5 in Armour
  6890 | D:10     | Reached skill level 5 in Shields
  7003 | D:10     | Found a blossoming altar of Fedhas.
  7053 | D:10     | Noticed Fannar
  7057 | D:10     | Reached ****** piety under Lugonu
  7156 | D:10     | Noticed Grum
  7178 | D:10     | Killed Grum
  7356 | D:10     | Killed Fannar
  7426 | D:10     | Found a staircase to the Lair.
  7541 | D:10     | Found a staircase to the Orcish Mines.
  7922 | D:11     | Noticed a skeletal warrior
  7922 | D:11     | Noticed a skeletal warrior
  7922 | D:11     | Noticed a skeletal warrior
  7925 | D:11     | Noticed a skeletal warrior
  8039 | D:11     | Killed a skeletal warrior
  8091 | D:11     | HP: 2/105 [skeletal warrior/+0 trident[a skeletal warrior]
                  | (10)]
  8146 | D:10     | Mangled by a skeletal warrior

Illustrated notes

Levels and vault maps discovered:
D:1:      grunt_arrival_crossed_arrows, layout_basic
D:2:      layout_basic, chequers_ecumenical_altar_twisty, serial_forest,
          infiniplex_forest_end_2, infiniplex_forest_clump_diagonal,
          infiniplex_forest_end_3, infiniplex_forest_lined_4_way,
          infiniplex_forest_clump_tiny, infiniplex_forest_clump_curved,
          infiniplex_forest_diagonal, infiniplex_forest_end_double,
          infiniplex_forest_clump_curved, minmay_stone_trees_small
D:3:      layout_loops_corners, nicolae_hepliaklqana_hippocampus,
          mainiacjoe_overflow_six_doors_small
D:4:      layout_rooms, uniq_robin
D:5:      layout_basic, temple_green, enter_ossuary_2
D:6:      layout_loops_cross, uniq_maggie
D:7:      layout_basic, nemelex_diamond_rough_becter, serial_shops,
          nicolae_shop_trees, hangedman_decor_points
D:8:      layout_rooms
D:9:      layout_roguey [special_room_kobold]
D:10:     layout_basic, mainiacjoe_overflow_paths, lair_entry_dummy,
          orc_0_dummy, enter_trove_2, uniq_nergalle, uniq_grum, uniq_fannar
D:11:     layout_irregular_city

Skill      XL: |  1  2  3  4  5  6  7  8  9 10 11 |
---------------+----------------------------------+-----
Unarmed Combat | 3 4 6 8 10 | 10.9
Fighting       | 3 4 5 6 |  6.2
Dodging        | 3 4 5 |  5.6
Shields        | 3 4 5 |  5.5
Invocations    | 1 2 4 |  4.9
Armour         | 3 4 5 |  5.6
Evocations     | 3 |  3.8

Action                   |  1- 3 |  4- 6 |  7- 9 | 10-12 || total
-------------------------+-------+-------+-------+-------++-------
Melee: Unarmed           |    92 |   130 |   308 |   234 ||   764
       Headbutt          |     9 |    16 |    59 |    48 ||   132
Throw: Throwing net      |       |       |     2 |       ||     2
       Dart              |       |       |     1 |     3 ||     4
Invok: Bend Space        |       |       |       |     7 ||     7
Evoke: Wand              |       |       |       |     8 ||     8
  Use: Scroll            |     5 |     5 |     4 |    10 ||    24
       Potion            |     2 |     1 |     2 |     1 ||     6
 Stab: Sleeping          |       |     2 |       |       ||     2
Armor: Robe              |    22 |    29 |    35 |       ||    86
       Steam dragon scal |       |       |    27 |    33 ||    60
Dodge: Dodged            |    28 |    48 |   110 |    92 ||   278
Block: Kite shield       |    26 |    46 |   122 |   114 ||   308
